Workbook
Name AcsSum: #REF!
Name Actualcapex: GWPF!$L$109:$M$147
Name Aldersey: #REF!
Name CFData: #REF!
Name CFFirstLast: CFs!#REF!
Name Data: #REF!
Name Dataheads: Database!$A$5:$BC$5
Name INPUT_BOX: #REF!
Name INPUT_BOX: #REF!
Name MATAR: #REF!
Name MATAR: #REF!
Name METAR: #REF!
Name METAR: #REF!
Name sa: #REF!
Name sa: #REF!
Name t25Q2: #REF!
Name t25Q2: #REF!
Name table_25_Q2: #REF!
Name table_25_Q2: #REF!
Name Wacc: GWPF!$AB$4:$AC$31

Sheet Database
A1: Hywind Scotland Pilot Park | C1: =GWPF!L9 -> 224.24982 | AW1: =GWPF!L6 -> 169.46325 | AX1: =GWPF!L7 -> 54.786573 | AY1: =GWPF!L9 -> 224.24982 | AZ1: =GWPF!U10 -> 0.46 | BA1: predicted CF
AE2: 22 | AN2: Market price | AW2: Capex | AX2: Opex | AY2: LCOE
AN3: 35 | AW3: {=IF(INDEX(_xlnm.Database,MATCH($A$1,Database!$A$5:$A$6,FALSE)-1,MATCH("Strike price 2012",Database!$A$5:$BC$5,FALSE))="RO",20,15)} -> 20 | AX3: Years | BC3: =IF(SUM(AW1:AX1)<>AY1,"!!!","")
Y4: 1.29 | AM4: 0.48 | AO4: Estimated LCOE
A5: Name | B5: Type | C5: Year of completion | D5: Sea | E5: Latitude | F5: Area (km2) | G5: Distance offshore (km) | H5: Depth (m) | I5: Turbine | J5: Capacity (MW) | K5: No turbines | L5: Power/m2 | M5: Turbine size (MW) | N5: Diameter (m) | O5: Last accounts | P5: Latest CF | Q5: Reported cost (£m) | R5: OFTO allowance | S5: Reported capex/ MW | T5: Actual Capex with OFTO | U5: Actual capex OFTO free | V5: Inflation multiplier | W5: Capex at 2018 prices | X5: Actual capex/MW OFTO-free | Y5: In dollars | Z5: Ave opex to date £m | AA5: Op cost per MW capacity | AB5: Op cost per MWh | AC5: Revenue £m | AD5: £ revenue/MWh generated | AE5: W/M2 generated | AF5: Latest MWh output/yr | AG5: Early yrs LF | AH5: Max CF | AI5: Recent CF | AJ5: RLF | AK5: Strike price 2012 | AL5: Strike price current | AM5: MWh @ | AN5: Cost of CfD £m | AO5: Turbine size | AP5: Water depth | AQ5: Distance offshore | AR5: Windfarm size | AS5: Constant | AT5: Ioannou LCOE | AU5: AlderseyW LCOE | AV5: BNEF LCOE | AW5: Capex per MWh | AX5: Opex per MWh | AY5: GWPF LCOE 11/12/20 | AZ5: CW AW | BA5: CW BNEF | BB5: CW GWPF | BC5: Notes
A6: Hywind Scotland Pilot Park | B6: Floating | C6: 2017 | D6: North | E6: 57.483333 | F6: 15 | G6: 25 | H6: 120 | J6: 30 | K6: =J6/M6 -> 5 | L6: =AF6/F6 -> 9004.2667 | M6: 6 | N6: 154 | O6: =_xlfn.MAXIFS(Financials!B:B,Financials!A:A,"="&A6) -> 2020 | P6: =_xlfn.MAXIFS(CFs!C:C,CFs!A:A,"="&A6) -> 2021 | Q6: 200 | S6: =Q6/J6 -> 6.6666667 | T6: 264.7 | U6: 264.7 | V6: =(0.0004*(C6-1999)^2)-(0.0317*(C6-1999))+1.4502 -> 1.0092 | W6: =U6*V6 -> 267.13524 | X6: =W6/J6 -> 8.904508 | Y6: =X6*$Y$4 -> 11.486815 | Z6: =AVERAGEIFS(Financials!J:J,Financials!A:A,"="&A6) -> 6.4 | AA6: =1000*Z6/J6 -> 213.33333 | AB6: =Z6*1000000/AF6 -> 47.384943 | AC6: =AVERAGEIFS(Financials!D:D,Financials!A:A,"="&A6) -> 30.066667 | AD6: =1000000*AC6/AF6 -> 222.61052 | AE6: =IF(F6="",0,J6*AJ6/F6) -> 1.0656601 | AF6: =OFFSET(CFs!$A$1,MATCH(A6,CFs!A:A,1)-1,5,1,1) -> 135064 | AG6: =AVERAGEIFS(CFs!E:E,CFs!A:A,"="&A6,CFs!B:B,"<=3") -> 0.53283004 | AH6: =_xlfn.MAXIFS(CFs!E:E,CFs!A:A,"="&A6) -> 0.57054795 | AI6: =AVERAGEIFS(CFs!E:E,CFs!A:A,"="&A6,CFs!B:B,">"&#REF!-#REF!-2) -> #DIV/0! | AJ6: =AVERAGEIFS(CFs!E:E,CFs!A:A,"="&A6) -> 0.53283004 | AK6: RO | AV6: 165 | AW6: 169.46325 | AX6: 54.786573 | AY6: 224.24982 | AZ6: =$J6*AU6 -> 0 | BA6: =$J6*AV6 -> 4950 | BB6: =$J6*AY6 -> 6727.4946

Sheet GWPF
A1: =Database!A1 -> Hywind Scotland Pilot Park
D2: Assumptions | O2: Hughes opex model
H3: Input | J3: Levelised cost | O3: Opex | P3: Input | Q3: Parameter | T3: Capacity factor | V3: Parameter | X3: Capex (OFTO free) | AB3: WACC
F4: Capacity (MW) | H4: {=INDEX(_xlnm.Database,MATCH($A$1,Database!$A$5:$A$6,FALSE)-1,MATCH(F4,Database!$A$5:$BC$5,FALSE))} -> 30 | I4: MW | O4: Commission | P4: {=INDEX(_xlnm.Database,MATCH($A$1,Database!$A$5:$A$6,FALSE)-1,MATCH("Year of completion",Database!$A$5:$BC$5,FALSE))} -> 2017 | T4: Year of completion | U4: {=INDEX(_xlnm.Database,MATCH($A$1,Database!$A$5:$A$6,FALSE)-1,MATCH(T4,Database!$A$5:$BC$5,FALSE))-2000} -> 17 | V4: 0.0040018493 | X4: Actual capex/MW OFTO-free | Y4: {=INDEX(_xlnm.Database,MATCH($A$1,Database!$A$5:$A$6,FALSE)-1,MATCH(X4,Database!$A$5:$BC$5,FALSE))} -> 8.904508 | AB4: 2000 | AC4: 0.07
J5: Components | K5: £m | L5: £/MWh | O5: Growth rate | P5: 0.0574154 | T5: Latitude | U5: {=INDEX(_xlnm.Database,MATCH($A$1,Database!$A$5:$A$6,FALSE)-1,MATCH(T5,Database!$A$5:$BC$5,FALSE))-52.5} -> 4.9833333 | V5: 0.0052836566 | X5: Reported capex/ MW | Y5: {=INDEX(_xlnm.Database,MATCH($A$1,Database!$A$5:$A$6,FALSE)-1,MATCH(X5,Database!$A$5:$BC$5,FALSE))} -> 6.6666667 | AB5: 2001 | AC5: 0.07
F6: MW sent out | H6: =+H4*(1-H5/100) -> 30 | I6: MW s.o. | J6: Capital charges | K6: =SUM(L34:L35) -> 465.92879 | L6: =1000000*SUM(K26:K35)/E66 -> 169.46325 | O6: Depth (m) | P6: {=INDEX(_xlnm.Database,MATCH($A$1,Database!$A$5:$A$6,FALSE)-1,MATCH(O6,Database!$A$5:$BC$5,FALSE))} -> 120 | Q6: =IF(P6>50,0.51,VLOOKUP(10*ROUNDDOWN(P6/10,0),O12:P18,2, FALSE)) -> 0.51 | T6: Distance offshore (km) | U6: {=INDEX(_xlnm.Database,MATCH($A$1,Database!$A$5:$A$6,FALSE)-1,MATCH(T6,Database!$A$5:$BC$5,FALSE))} -> 25 | V6: 0.0029366774 | X6: Use | Y6: =IF(Y4=0,Y5,Y4) -> 8.904508 | AB6: 2002 | AC6: 0.07
F7: Actual capex/MW OFTO-free | H7: {=INDEX(_xlnm.Database,MATCH($A$1,Database!$A$5:$A$6,FALSE)-1,MATCH(F7,Database!$A$5:$BC$5,FALSE))} -> 8.904508 | I7: £m/MW | J7: O&M | K7: =K66 -> 93.459385 | L7: =1000000*K66/E66 -> 54.786573 | O7: OFTO | Q7: 0.276 | T7: Turbine size (MW) | U7: {=INDEX(_xlnm.Database,MATCH($A$1,Database!$A$5:$A$6,FALSE)-1,MATCH(T7,Database!$A$5:$BC$5,FALSE))} -> 6 | V7: -0.00030695336 | AB7: 2003 | AC7: 0.07
F8: Generation Capital Cost | H8: =H4*H7 -> 267.13524 | I8: £m | O8: Constant | Q8: 3.3822 | T8: Diameter (m) | U8: {=INDEX(_xlnm.Database,MATCH($A$1,Database!$A$5:$A$6,FALSE)-1,MATCH(T8,Database!$A$5:$BC$5,FALSE))} -> 154 | V8: 0.00049133045 | AB8: 2004 | AC8: 0.07
J9: LCOE Total | L9: =SUM(L6:L8) -> 224.24982 | Q9: =SUM(Q6:Q8) -> 4.1682 | T9: Constant | V9: 0.2306793 | AB9: 2005 | AC9: 0.07
T10: Implied CF | U10: 0.46 | AB10: 2006 | AC10: 0.07
O11: Depth parameter | AB11: 2007 | AC11: 0.07
O12: 0 | P12: 0.3499 | AB12: 2008 | AC12: 0.07
F13: Overall borrowing rate | H13: =VLOOKUP(P4,Wacc,2,FALSE) -> 0.0504 | I13: p.u. p.a. | O13: 10 | P13: 0.3499 | AB13: 2009 | AC13: 0.07
D14: Lifetime O&M rate £/MW/yr | O14: 20 | P14: 0.3284 | AB14: 2010 | AC14: 0.07
D15: =1000000*AVERAGE(G36:G64)/H4 -> 170101.1 | H15: =D15*H4/1000000 -> 5.1030331 | I15: £m/yr | O15: 30 | P15: 0.5109115 | AB15: 2011 | AC15: =AC14-(($AC$4-0.042)/10) -> 0.0672
D16: Life | H16: =Database!AW3 -> 20 | I16: years | O16: 40 | P16: 0.5109115 | AB16: 2012 | AC16: =AC15-(($AC$4-0.042)/10) -> 0.0644
F17: Ageing Discount Factor | H17: 0.021 | I17: p.u./p.a. | O17: 50 | P17: 0.5109115 | AB17: 2013 | AC17: =AC16-(($AC$4-0.042)/10) -> 0.0616
AB18: 2014 | AC18: =AC17-(($AC$4-0.042)/10) -> 0.0588
AB19: 2015 | AC19: =AC18-(($AC$4-0.042)/10) -> 0.056
AB20: 2016 | AC20: =AC19-(($AC$4-0.042)/10) -> 0.0532
AB21: 2017 | AC21: =AC20-(($AC$4-0.042)/10) -> 0.0504
AB22: 2018 | AC22: =AC21-(($AC$4-0.042)/10) -> 0.0476
A23: Capital and Operational Charges | AB23: 2019 | AC23: =AC22-(($AC$4-0.042)/10) -> 0.0448
A24: Year | B24: Borrowing Discount Factor | C24: Production Ageing Factor | D24: Output (MWh) | E24: Discounted Output (MWh) | F24: Capex[£m] | G24: O&M [£m] | J24: Total Cost | K24: Total Discounted Cost (£m) | L24: Accumulating Debt during Construction | M24: Interest During Construction IDC (£m) | N24: Discounted debt charges (£m) | AB24: 2020 | AC24: =AC23-(($AC$4-0.042)/10) -> 0.042
AB25: 2021 | AC25: =AC24 -> 0.042
A26: -10 | B26: =IF(A26<$H$16,1/(1+$H$13)^A26,"") -> 1.6351106 | F26: =+B75*$H$8/100 -> 0 | J26: =SUM(F26:H26) -> 0 | K26: =IF(ABS(A26)<=$H$16-1,+J26*B26,"") -> 0 | L26: =K26 -> 0 | M26: =L35-H8 -> 21.948926 | AB26: 2022 | AC26: =AC25 -> 0.042
A27: -9 | B27: =IF(A27<$H$16,1/(1+$H$13)^A27,"") -> 1.5566552 | F27: =+C75*$H$8/100 -> 0 | J27: =SUM(F27:H27) -> 0 | K27: =IF(ABS(A27)<=$H$16-1,+J27*B27,"") -> 0 | L27: =L26+K27 -> 0 | M27: Debt incurred during Construction (£m) | AB27: 2023 | AC27: =AC26 -> 0.042
A28: -8 | B28: =IF(A28<$H$16,1/(1+$H$13)^A28,"") -> 1.4819642 | F28: =+D75*$H$8/100 -> 0 | J28: =SUM(F28:H28) -> 0 | K28: =IF(ABS(A28)<=$H$16-1,+J28*B28,"") -> 0 | L28: =L27+K28 -> 0 | AB28: 2024 | AC28: =AC27 -> 0.042
A29: -7 | B29: =IF(A29<$H$16,1/(1+$H$13)^A29,"") -> 1.410857 | F29: =+E75*$H$8/100 -> 0 | J29: =SUM(F29:H29) -> 0 | K29: =IF(ABS(A29)<=$H$16-1,+J29*B29,"") -> 0 | L29: =L28+K29 -> 0 | AB29: 2025 | AC29: =AC28 -> 0.042
A30: -6 | B30: =IF(A30<$H$16,1/(1+$H$13)^A30,"") -> 1.3431616 | F30: =+F75*$H$8/100 -> 0 | J30: =SUM(F30:H30) -> 0 | K30: =IF(ABS(A30)<=$H$16-1,+J30*B30,"") -> 0 | L30: =L29+K30 -> 0 | M30: =L35*H11 -> 0 | AB30: 2026 | AC30: =AC29 -> 0.042
A31: -5 | B31: =IF(A31<$H$16,1/(1+$H$13)^A31,"") -> 1.2787144 | F31: =+G75*$H$8/100 -> 0 | J31: =SUM(F31:H31) -> 0 | K31: =IF(ABS(A31)<=$H$16-1,+J31*B31,"") -> 0 | L31: =L30+K31 -> 0 | M31: Repayment of Debt Principal £m
A32: -4 | B32: =IF(A32<$H$16,1/(1+$H$13)^A32,"") -> 1.2173595 | F32: =+H75*$H$8/100 -> 0 | J32: =SUM(F32:H32) -> 0 | K32: =IF(ABS(A32)<=$H$16-1,+J32*B32,"") -> 0 | L32: =L31+K32 -> 0
A33: -3 | B33: =IF(A33<$H$16,1/(1+$H$13)^A33,"") -> 1.1589485 | F33: =+I75*$H$8/100 -> 0 | J33: =SUM(F33:H33) -> 0 | K33: =IF(ABS(A33)<=$H$16-1,+J33*B33,"") -> 0 | L33: =L32+K33 -> 0 | O33: Model
A34: -2 | B34: =IF(A34<$H$16,1/(1+$H$13)^A34,"") -> 1.1033402 | F34: =+J75*$H$8/100 -> 160.28114 | J34: =SUM(F34:H34) -> 160.28114 | K34: =IF(ABS(A34)<=$H$16-1,+J34*B34,"") -> 176.84462 | L34: =L33+K34 -> 176.84462 | O34: 2 | AC34: O&M models
A35: -1 | B35: =IF(A35<$H$16,1/(1+$H$13)^A35,"") -> 1.0504 | F35: =+K75*$H$8/100 -> 106.8541 | J35: =SUM(F35:H35) -> 106.8541 | K35: =IF(ABS(A35)<=$H$16-1,+J35*B35,"") -> 112.23954 | L35: =L34+K35 -> 289.08417 | O35: Modelled | P35: Acual O&M | Q35: Add future years | R35: Per MWh | S35: Per MW | T35: Modelled CF (wear) | U35: CF Data | V35: Add wear to future years | W35: Choose | X35: Wearing output | AC35: Model 1 | AD35: Model 2 | AE35: Per MW
A36: 1 | B36: =1/(1+$H$13)^(A36-1) -> 1 | D36: =IF(A36<=($H$16),X36,"") -> 135079.2 | E36: =D36*B36 -> 135079.2 | G36: =IF(A36<=($H$16),IF(ISERROR($B$12),AC36,Q36),0) -> 5.9538 | K36: =B36*G36 -> 5.9538 | L36: Discounted Cash Flow of Production and Revenue Costs | M36: =IF(A36=$H$16,$M$30,"") | N36: =IF(A36=$H$16,M36/(1+$H$13)^A36,"") | O36: =IF($O$34=1,AC36,AD36) -> 5.9538 | P36: =SUMIFS(Financials!L:L,Financials!A:A,"="&$A$1,Financials!C:C,"="&+A36) -> 5.9538 | Q36: =IF(P36=0,O36,P36) -> 5.9538 | R36: =1000000*Q36/D36 -> 44.076364 | S36: =1000000*Q36/$H$4 -> 198460 | T36: =IF(U10>0.6,0.6,U10) -> 0.46 | U36: =SUMIFS(CFs!E:E,CFs!A:A,"="&$A$1,CFs!B:B,"="&+A36) -> 0.514 | V36: =IF(U36=0,(1-$H$17)*AVERAGE(V33:V35),U36) -> 0.514 | W36: =IF($U$36>0,V36,T36) -> 0.514 | X36: =W36*$H$6*8760 -> 135079.2 | AC36: =$H$4*1000*EXP((($P$4+A36-2000)*$P$5)+$Q$9)/1000000 -> 5.4472958 | AD36: =IF(P36=0,$H$4*1000*EXP((($P$4+A36-2000)*$P$5)+$Q$9)/1000000,P36) -> 5.9538 | AE36: =S36 -> 198460
A37: =A36+1 -> 2 | B37: =1/(1+$H$13)^(A37-1) -> 0.95201828 | D37: =IF(A37<=($H$16),X37,0) -> 149940 | E37: =D37*B37 -> 142745.62 | G37: =IF(A37<=($H$16),IF(ISERROR($B$12),AC37,Q37),0) -> 5.46672 | K37: =B37*G37 -> 5.2044174 | M37: =IF(A37=$H$16,$M$30,"") | N37: =IF(A37=$H$16,M37/(1+$H$13)^A37,"") | O37: =IF($O$34=1,AC37,AD37) -> 6.1038 | P37: =SUMIFS(Financials!L:L,Financials!A:A,"="&$A$1,Financials!C:C,"="&+A37) -> 5.46672 | Q37: =IF(P37=0,O37,P37) -> 5.46672 | R37: =1000000*Q37/D37 -> 36.459384 | S37: =1000000*Q37/$H$4 -> 182224 | T37: =T36 -> 0.46 | U37: =SUMIFS(CFs!E:E,CFs!A:A,"="&$A$1,CFs!B:B,"="&+A37) -> 0.57054795 | V37: =IF(U37=0,(1-$H$17)*AVERAGE(V34:V36),U37) -> 0.57054795 | W37: =IF($U$36>0,V37,T37) -> 0.57054795 | X37: =W37*$H$6*8760 -> 149940 | AC37: =AC36*1.125 -> 6.1282078 | AD37: =(AE37*$H$4)/1000000 -> 6.1038 | AE37: =AE36+5000 -> 203460
A38: =A37+1 -> 3 | B38: =1/(1+$H$13)^(A38-1) -> 0.9063388 | D38: =IF(A38<=($H$16),X38,0) -> 135064 | E38: =D38*B38 -> 122413.74 | G38: =IF(A38<=($H$16),IF(ISERROR($B$12),AC38,Q38),0) -> 7.30284 | K38: =B38*G38 -> 6.6188473 | M38: =IF(A38=$H$16,$M$30,"") | N38: =IF(A38=$H$16,M38/(1+$H$13)^A38,"") | O38: =IF($O$34=1,AC38,AD38) -> 6.2538 | P38: =SUMIFS(Financials!L:L,Financials!A:A,"="&$A$1,Financials!C:C,"="&+A38) -> 7.30284 | Q38: =IF(P38=0,O38,P38) -> 7.30284 | R38: =1000000*Q38/D38 -> 54.069478 | S38: =1000000*Q38/$H$4 -> 243428 | T38: =T37*(1-$H$17) -> 0.45034 | U38: =SUMIFS(CFs!E:E,CFs!A:A,"="&$A$1,CFs!B:B,"="&+A38) -> 0.51394216 | V38: =IF(U38=0,(1-$H$17)*AVERAGE(V35:V37),U38) -> 0.51394216 | W38: =IF($U$36>0,V38,T38) -> 0.51394216 | X38: =W38*$H$6*8760 -> 135064 | AC38: =AC36*1.25 -> 6.8091198 | AD38: =(AE38*$H$4)/1000000 -> 6.2538 | AE38: =AE37+5000 -> 208460
A39: =A38+1 -> 4 | B39: =1/(1+$H$13)^(A39-1) -> 0.86285111 | D39: =IF(A39<=($H$16),X39,0) -> 137087.15 | E39: =D39*B39 -> 118285.8 | G39: =IF(A39<=($H$16),IF(ISERROR($B$12),AC39,Q39),0) -> 6.4038 | K39: =B39*G39 -> 5.5255259 | M39: =IF(A39=$H$16,$M$30,"") | N39: =IF(A39=$H$16,M39/(1+$H$13)^A39,"") | O39: =IF($O$34=1,AC39,AD39) -> 6.4038 | P39: =SUMIFS(Financials!L:L,Financials!A:A,"="&$A$1,Financials!C:C,"="&+A39) -> 0 | Q39: =IF(P39=0,O39,P39) -> 6.4038 | R39: =1000000*Q39/D39 -> 46.71335 | S39: =1000000*Q39/$H$4 -> 213460 | T39: =T38*(1-$H$17) -> 0.44088286 | U39: =SUMIFS(CFs!E:E,CFs!A:A,"="&$A$1,CFs!B:B,"="&+A39) -> 0 | V39: =IF(U39=0,(1-$H$17)*AVERAGE(V36:V38),U39) -> 0.5216406 | W39: =IF($U$36>0,V39,T39) -> 0.5216406 | X39: =W39*$H$6*8760 -> 137087.15 | AC39: =AC36*1.375 -> 7.4900317 | AD39: =(AE39*$H$4)/1000000 -> 6.4038 | AE39: =AE38+5000 -> 213460
A40: =A39+1 -> 5 | B40: =1/(1+$H$13)^(A40-1) -> 0.82145003 | D40: =IF(A40<=($H$16),X40,0) -> 137742.41 | E40: =D40*B40 -> 113148.51 | G40: =IF(A40<=($H$16),IF(ISERROR($B$12),AC40,Q40),0) -> 6.5538 | K40: =B40*G40 -> 5.3836192 | M40: =IF(A40=$H$16,$M$30,"") | N40: =IF(A40=$H$16,M40/(1+$H$13)^A40,"") | O40: =IF($O$34=1,AC40,AD40) -> 6.5538 | P40: =SUMIFS(Financials!L:L,Financials!A:A,"="&$A$1,Financials!C:C,"="&+A40) -> 0 | Q40: =IF(P40=0,O40,P40) -> 6.5538 | R40: =1000000*Q40/D40 -> 47.580116 | S40: =1000000*Q40/$H$4 -> 218460 | T40: =T39*(1-$H$17) -> 0.43162432 | U40: =SUMIFS(CFs!E:E,CFs!A:A,"="&$A$1,CFs!B:B,"="&+A40) -> 0 | V40: =IF(U40=0,(1-$H$17)*AVERAGE(V37:V39),U40) -> 0.52413399 | W40: =IF($U$36>0,V40,T40) -> 0.52413399 | X40: =W40*$H$6*8760 -> 137742.41 | AC40: =AC36*1.5 -> 8.1709437 | AD40: =(AE40*$H$4)/1000000 -> 6.5538 | AE40: =AE39+5000 -> 218460
A41: =A40+1 -> 6 | B41: =1/(1+$H$13)^(A41-1) -> 0.78203544 | D41: =IF(A41<=($H$16),X41,0) -> 133761.93 | E41: =D41*B41 -> 104606.57 | G41: =IF(A41<=($H$16),IF(ISERROR($B$12),AC41,Q41),0) -> 6.7038 | K41: =B41*G41 -> 5.2426092 | M41: =IF(A41=$H$16,$M$30,"") | N41: =IF(A41=$H$16,M41/(1+$H$13)^A41,"") | O41: =IF($O$34=1,AC41,AD41) -> 6.7038 | P41: =SUMIFS(Financials!L:L,Financials!A:A,"="&$A$1,Financials!C:C,"="&+A41) -> 0 | Q41: =IF(P41=0,O41,P41) -> 6.7038 | R41: =1000000*Q41/D41 -> 50.117398 | S41: =1000000*Q41/$H$4 -> 223460 | T41: =T40*(1-$H$17) -> 0.42256021 | U41: =SUMIFS(CFs!E:E,CFs!A:A,"="&$A$1,CFs!B:B,"="&+A41) -> 0 | V41: =IF(U41=0,(1-$H$17)*AVERAGE(V38:V40),U41) -> 0.50898757 | W41: =IF($U$36>0,V41,T41) -> 0.50898757 | X41: =W41*$H$6*8760 -> 133761.93 | AC41: =AC40 -> 8.1709437 | AD41: =(AE41*$H$4)/1000000 -> 6.7038 | AE41: =AE40+5000 -> 223460
A42: =A41+1 -> 7 | B42: =1/(1+$H$13)^(A42-1) -> 0.74451203 | D42: =IF(A42<=($H$16),X42,0) -> 133337.02 | E42: =D42*B42 -> 99271.019 | G42: =IF(A42<=($H$16),IF(ISERROR($B$12),AC42,Q42),0) -> 6.8538 | K42: =B42*G42 -> 5.1027366 | M42: =IF(A42=$H$16,$M$30,"") | N42: =IF(A42=$H$16,M42/(1+$H$13)^A42,"") | O42: =IF($O$34=1,AC42,AD42) -> 6.8538 | P42: =SUMIFS(Financials!L:L,Financials!A:A,"="&$A$1,Financials!C:C,"="&+A42) -> 0 | Q42: =IF(P42=0,O42,P42) -> 6.8538 | R42: =1000000*Q42/D42 -> 51.402077 | S42: =1000000*Q42/$H$4 -> 228460 | T42: =T41*(1-$H$17) -> 0.41368644 | U42: =SUMIFS(CFs!E:E,CFs!A:A,"="&$A$1,CFs!B:B,"="&+A42) -> 0 | V42: =IF(U42=0,(1-$H$17)*AVERAGE(V39:V41),U42) -> 0.50737072 | W42: =IF($U$36>0,V42,T42) -> 0.50737072 | X42: =W42*$H$6*8760 -> 133337.02 | AC42: =AC41 -> 8.1709437 | AD42: =(AE42*$H$4)/1000000 -> 6.8538 | AE42: =AE41+5000 -> 228460
A43: =A42+1 -> 8 | B43: =1/(1+$H$13)^(A43-1) -> 0.70878906 | D43: =IF(A43<=($H$16),X43,0) -> 132113.23 | E43: =D43*B43 -> 93640.415 | G43: =IF(A43<=($H$16),IF(ISERROR($B$12),AC43,Q43),0) -> 7.0038 | K43: =B43*G43 -> 4.9642168 | M43: =IF(A43=$H$16,$M$30,"") | N43: =IF(A43=$H$16,M43/(1+$H$13)^A43,"") | O43: =IF($O$34=1,AC43,AD43) -> 7.0038 | P43: =SUMIFS(Financials!L:L,Financials!A:A,"="&$A$1,Financials!C:C,"="&+A43) -> 0 | Q43: =IF(P43=0,O43,P43) -> 7.0038 | R43: =1000000*Q43/D43 -> 53.013614 | S43: =1000000*Q43/$H$4 -> 233460 | T43: =T42*(1-$H$17) -> 0.40499903 | U43: =SUMIFS(CFs!E:E,CFs!A:A,"="&$A$1,CFs!B:B,"="&+A43) -> 0 | V43: =IF(U43=0,(1-$H$17)*AVERAGE(V40:V42),U43) -> 0.50271398 | W43: =IF($U$36>0,V43,T43) -> 0.50271398 | X43: =W43*$H$6*8760 -> 132113.23 | AC43: =AC42 -> 8.1709437 | AD43: =(AE43*$H$4)/1000000 -> 7.0038 | AE43: =AE42+5000 -> 233460
A44: =A43+1 -> 9 | B44: =1/(1+$H$13)^(A44-1) -> 0.67478015 | D44: =IF(A44<=($H$16),X44,0) -> 130276.25 | E44: =D44*B44 -> 87907.824 | G44: =IF(A44<=($H$16),IF(ISERROR($B$12),AC44,Q44),0) -> 7.1538 | K44: =B44*G44 -> 4.8272422 | M44: =IF(A44=$H$16,$M$30,"") | N44: =IF(A44=$H$16,M44/(1+$H$13)^A44,"") | O44: =IF($O$34=1,AC44,AD44) -> 7.1538 | P44: =SUMIFS(Financials!L:L,Financials!A:A,"="&$A$1,Financials!C:C,"="&+A44) -> 0 | Q44: =IF(P44=0,O44,P44) -> 7.1538 | R44: =1000000*Q44/D44 -> 54.912544 | S44: =1000000*Q44/$H$4 -> 238460 | T44: =T43*(1-$H$17) -> 0.39649405 | U44: =SUMIFS(CFs!E:E,CFs!A:A,"="&$A$1,CFs!B:B,"="&+A44) -> 0 | V44: =IF(U44=0,(1-$H$17)*AVERAGE(V41:V43),U44) -> 0.49572392 | W44: =IF($U$36>0,V44,T44) -> 0.49572392 | X44: =W44*$H$6*8760 -> 130276.25 | AC44: =AC43 -> 8.1709437 | AD44: =(AE44*$H$4)/1000000 -> 7.1538 | AE44: =AE43+5000 -> 238460
A45: =A44+1 -> 10 | B45: =1/(1+$H$13)^(A45-1) -> 0.64240303 | D45: =IF(A45<=($H$16),X45,0) -> 129138.75 | E45: =D45*B45 -> 82959.124 | G45: =IF(A45<=($H$16),IF(ISERROR($B$12),AC45,Q45),0) -> 7.3038 | K45: =B45*G45 -> 4.6919833 | M45: =IF(A45=$H$16,$M$30,"") | N45: =IF(A45=$H$16,M45/(1+$H$13)^A45,"") | O45: =IF($O$34=1,AC45,AD45) -> 7.3038 | P45: =SUMIFS(Financials!L:L,Financials!A:A,"="&$A$1,Financials!C:C,"="&+A45) -> 0 | Q45: =IF(P45=0,O45,P45) -> 7.3038 | R45: =1000000*Q45/D45 -> 56.557773 | S45: =1000000*Q45/$H$4 -> 243460 | T45: =T44*(1-$H$17) -> 0.38816767 | U45: =SUMIFS(CFs!E:E,CFs!A:A,"="&$A$1,CFs!B:B,"="&+A45) -> 0 | V45: =IF(U45=0,(1-$H$17)*AVERAGE(V42:V44),U45) -> 0.49139554 | W45: =IF($U$36>0,V45,T45) -> 0.49139554 | X45: =W45*$H$6*8760 -> 129138.75 | AC45: =AC44 -> 8.1709437 | AD45: =(AE45*$H$4)/1000000 -> 7.3038 | AE45: =AE44+5000 -> 243460
A46: =A45+1 -> 11 | B46: =1/(1+$H$13)^(A46-1) -> 0.61157943 | D46: =IF(A46<=($H$16),X46,0) -> 127768.71 | E46: =D46*B46 -> 78140.716 | G46: =IF(A46<=($H$16),IF(ISERROR($B$12),AC46,Q46),0) -> 7.4538 | K46: =B46*G46 -> 4.5585907 | M46: =IF(A46=$H$16,$M$30,"") | N46: =IF(A46=$H$16,M46/(1+$H$13)^A46,"") | O46: =IF($O$34=1,AC46,AD46) -> 7.4538 | P46: =SUMIFS(Financials!L:L,Financials!A:A,"="&$A$1,Financials!C:C,"="&+A46) -> 0 | Q46: =IF(P46=0,O46,P46) -> 7.4538 | R46: =1000000*Q46/D46 -> 58.338226 | S46: =1000000*Q46/$H$4 -> 248460 | T46: =T45*(1-$H$17) -> 0.38001615 | U46: =SUMIFS(CFs!E:E,CFs!A:A,"="&$A$1,CFs!B:B,"="&+A46) -> 0 | V46: =IF(U46=0,(1-$H$17)*AVERAGE(V43:V45),U46) -> 0.48618231 | W46: =IF($U$36>0,V46,T46) -> 0.48618231 | X46: =W46*$H$6*8760 -> 127768.71 | AC46: =AC45 -> 8.1709437 | AD46: =(AE46*$H$4)/1000000 -> 7.4538 | AE46: =AE45+5000 -> 248460
A47: =A46+1 -> 12 | B47: =1/(1+$H$13)^(A47-1) -> 0.5822348 | D47: =IF(A47<=($H$16),X47,0) -> 126350.95 | E47: =D47*B47 -> 73565.919 | G47: =IF(A47<=($H$16),IF(ISERROR($B$12),AC47,Q47),0) -> 7.6038 | K47: =B47*G47 -> 4.4271969 | M47: =IF(A47=$H$16,$M$30,"") | N47: =IF(A47=$H$16,M47/(1+$H$13)^A47,"") | O47: =IF($O$34=1,AC47,AD47) -> 7.6038 | P47: =SUMIFS(Financials!L:L,Financials!A:A,"="&$A$1,Financials!C:C,"="&+A47) -> 0 | Q47: =IF(P47=0,O47,P47) -> 7.6038 | R47: =1000000*Q47/D47 -> 60.179999 | S47: =1000000*Q47/$H$4 -> 253460 | T47: =T46*(1-$H$17) -> 0.37203581 | U47: =SUMIFS(CFs!E:E,CFs!A:A,"="&$A$1,CFs!B:B,"="&+A47) -> 0 | V47: =IF(U47=0,(1-$H$17)*AVERAGE(V44:V46),U47) -> 0.48078748 | W47: =IF($U$36>0,V47,T47) -> 0.48078748 | X47: =W47*$H$6*8760 -> 126350.95 | AC47: =AC46 -> 8.1709437 | AD47: =(AE47*$H$4)/1000000 -> 7.6038 | AE47: =AE46+5000 -> 253460
A48: =A47+1 -> 13 | B48: =1/(1+$H$13)^(A48-1) -> 0.55429817 | D48: =IF(A48<=($H$16),X48,0) -> 125069.99 | E48: =D48*B48 -> 69326.069 | G48: =IF(A48<=($H$16),IF(ISERROR($B$12),AC48,Q48),0) -> 7.7538 | K48: =B48*G48 -> 4.2979171 | M48: =IF(A48=$H$16,$M$30,"") | N48: =IF(A48=$H$16,M48/(1+$H$13)^A48,"") | O48: =IF($O$34=1,AC48,AD48) -> 7.7538 | P48: =SUMIFS(Financials!L:L,Financials!A:A,"="&$A$1,Financials!C:C,"="&+A48) -> 0 | Q48: =IF(P48=0,O48,P48) -> 7.7538 | R48: =1000000*Q48/D48 -> 61.995685 | S48: =1000000*Q48/$H$4 -> 258460 | T48: =T47*(1-$H$17) -> 0.36422306 | U48: =SUMIFS(CFs!E:E,CFs!A:A,"="&$A$1,CFs!B:B,"="&+A48) -> 0 | V48: =IF(U48=0,(1-$H$17)*AVERAGE(V45:V47),U48) -> 0.47591322 | W48: =IF($U$36>0,V48,T48) -> 0.47591322 | X48: =W48*$H$6*8760 -> 125069.99 | AC48: =AC47 -> 8.1709437 | AD48: =(AE48*$H$4)/1000000 -> 7.7538 | AE48: =AE47+5000 -> 258460
A49: =A48+1 -> 14 | B49: =1/(1+$H$13)^(A49-1) -> 0.52770199 | D49: =IF(A49<=($H$16),X49,0) -> 123742.22 | E49: =D49*B49 -> 65299.018 | G49: =IF(A49<=($H$16),IF(ISERROR($B$12),AC49,Q49),0) -> 7.9038 | K49: =B49*G49 -> 4.170851 | M49: =IF(A49=$H$16,$M$30,"") | N49: =IF(A49=$H$16,M49/(1+$H$13)^A49,"") | O49: =IF($O$34=1,AC49,AD49) -> 7.9038 | P49: =SUMIFS(Financials!L:L,Financials!A:A,"="&$A$1,Financials!C:C,"="&+A49) -> 0 | Q49: =IF(P49=0,O49,P49) -> 7.9038 | R49: =1000000*Q49/D49 -> 63.873104 | S49: =1000000*Q49/$H$4 -> 263460 | T49: =T48*(1-$H$17) -> 0.35657438 | U49: =SUMIFS(CFs!E:E,CFs!A:A,"="&$A$1,CFs!B:B,"="&+A49) -> 0 | V49: =IF(U49=0,(1-$H$17)*AVERAGE(V46:V48),U49) -> 0.47086082 | W49: =IF($U$36>0,V49,T49) -> 0.47086082 | X49: =W49*$H$6*8760 -> 123742.22 | AC49: =AC48 -> 8.1709437 | AD49: =(AE49*$H$4)/1000000 -> 7.9038 | AE49: =AE48+5000 -> 263460
A50: =A49+1 -> 15 | B50: =1/(1+$H$13)^(A50-1) -> 0.50238194 | D50: =IF(A50<=($H$16),X50,0) -> 122428.25 | E50: =D50*B50 -> 61505.74 | G50: =IF(A50<=($H$16),IF(ISERROR($B$12),AC50,Q50),0) -> 8.0538 | K50: =B50*G50 -> 4.0460837 | M50: =IF(A50=$H$16,$M$30,"") | N50: =IF(A50=$H$16,M50/(1+$H$13)^A50,"") | O50: =IF($O$34=1,AC50,AD50) -> 8.0538 | P50: =SUMIFS(Financials!L:L,Financials!A:A,"="&$A$1,Financials!C:C,"="&+A50) -> 0 | Q50: =IF(P50=0,O50,P50) -> 8.0538 | R50: =1000000*Q50/D50 -> 65.783838 | S50: =1000000*Q50/$H$4 -> 268460 | T50: =T49*(1-$H$17) -> 0.34908632 | U50: =SUMIFS(CFs!E:E,CFs!A:A,"="&$A$1,CFs!B:B,"="&+A50) -> 0 | V50: =IF(U50=0,(1-$H$17)*AVERAGE(V47:V49),U50) -> 0.46586091 | W50: =IF($U$36>0,V50,T50) -> 0.46586091 | X50: =W50*$H$6*8760 -> 122428.25 | AC50: =AC49 -> 8.1709437 | AD50: =(AE50*$H$4)/1000000 -> 8.0538 | AE50: =AE49+5000 -> 268460
A51: =A50+1 -> 16 | B51: =1/(1+$H$13)^(A51-1) -> 0.47827679 | D51: =IF(A51<=($H$16),X51,0) -> 121148.14 | E51: =D51*B51 -> 57942.343 | G51: =IF(A51<=($H$16),IF(ISERROR($B$12),AC51,Q51),0) -> 8.2038 | K51: =B51*G51 -> 3.9236871 | M51: =IF(A51=$H$16,$M$30,"") | N51: =IF(A51=$H$16,M51/(1+$H$13)^A51,"") | O51: =IF($O$34=1,AC51,AD51) -> 8.2038 | P51: =SUMIFS(Financials!L:L,Financials!A:A,"="&$A$1,Financials!C:C,"="&+A51) -> 0 | Q51: =IF(P51=0,O51,P51) -> 8.2038 | R51: =1000000*Q51/D51 -> 67.717095 | S51: =1000000*Q51/$H$4 -> 273460 | T51: =T50*(1-$H$17) -> 0.3417555 | U51: =SUMIFS(CFs!E:E,CFs!A:A,"="&$A$1,CFs!B:B,"="&+A51) -> 0 | V51: =IF(U51=0,(1-$H$17)*AVERAGE(V48:V50),U51) -> 0.46098987 | W51: =IF($U$36>0,V51,T51) -> 0.46098987 | X51: =W51*$H$6*8760 -> 121148.14 | AC51: =AC50 -> 8.1709437 | AD51: =(AE51*$H$4)/1000000 -> 8.2038 | AE51: =AE50+5000 -> 273460
A52: =A51+1 -> 17 | B52: =1/(1+$H$13)^(A52-1) -> 0.45532824 | D52: =IF(A52<=($H$16),X52,0) -> 119868.31 | E52: =D52*B52 -> 54579.426 | G52: =IF(A52<=($H$16),IF(ISERROR($B$12),AC52,Q52),0) -> 8.3538 | K52: =B52*G52 -> 3.8037211 | M52: =IF(A52=$H$16,$M$30,"") | N52: =IF(A52=$H$16,M52/(1+$H$13)^A52,"") | O52: =IF($O$34=1,AC52,AD52) -> 8.3538 | P52: =SUMIFS(Financials!L:L,Financials!A:A,"="&$A$1,Financials!C:C,"="&+A52) -> 0 | Q52: =IF(P52=0,O52,P52) -> 8.3538 | R52: =1000000*Q52/D52 -> 69.691483 | S52: =1000000*Q52/$H$4 -> 278460 | T52: =T51*(1-$H$17) -> 0.33457864 | U52: =SUMIFS(CFs!E:E,CFs!A:A,"="&$A$1,CFs!B:B,"="&+A52) -> 0 | V52: =IF(U52=0,(1-$H$17)*AVERAGE(V49:V51),U52) -> 0.45611989 | W52: =IF($U$36>0,V52,T52) -> 0.45611989 | X52: =W52*$H$6*8760 -> 119868.31 | AC52: =AC51 -> 8.1709437 | AD52: =(AE52*$H$4)/1000000 -> 8.3538 | AE52: =AE51+5000 -> 278460
... A54: =A53+1 -> 19 | B54: =1/(1+$H$13)^(A54-1) -> 0.41268166 | D54: =IF(A54<=($H$16),X54,0) -> 117356.18 | E54: =D54*B54 -> 48430.741 | G54: =IF(A54<=($H$16),IF(ISERROR($B$12),AC54,Q54),0) -> 8.6538 | K54: =B54*G54 -> 3.5712645 | M54: =IF(A54=$H$16,$M$30,"") | N54: =IF(A54=$H$16,M54/(1+$H$13)^A54,"") | O54: =IF($O$34=1,AC54,AD54) -> 8.6538 | P54: =SUMIFS(Financials!L:L,Financials!A:A,"="&$A$1,Financials!C:C,"="&+A54) -> 0 | Q54: =IF(P54=0,O54,P54) -> 8.6538 | R54: =1000000*Q54/D54 -> 73.739621 | S54: =1000000*Q54/$H$4 -> 288460 | T54: =T53*(1-$H$17) -> 0.32067388 | U54: =SUMIFS(CFs!E:E,CFs!A:A,"="&$A$1,CFs!B:B,"="&+A54) -> 0 | V54: =IF(U54=0,(1-$H$17)*AVERAGE(V51:V53),U54) -> 0.4465608 | W54: =IF($U$36>0,V54,T54) -> 0.4465608 | X54: =W54*$H$6*8760 -> 117356.18 | AC54: =AC53 -> 8.1709437 | AD54: =(AE54*$H$4)/1000000 -> 8.6538 | AE54: =AE53+5000 -> 288460
A55: =A54+1 -> 20 | B55: =1/(1+$H$13)^(A55-1) -> 0.39288048 | D55: =IF(A55<=($H$16),X55,0) -> 116118.73 | E55: =D55*B55 -> 45620.784 | G55: =IF(A55<=($H$16),IF(ISERROR($B$12),AC55,Q55),0) -> 8.8038 | J55: =IF(A55<=($H$16-1),SUM(F55:H55),"") | K55: =B55*G55 -> 3.4588412 | M55: =IF(A55=$H$16,$M$30,"") -> 0 | N55: =IF(A55=$H$16,M55/(1+$H$13)^A55,"") -> 0 | O55: =IF($O$34=1,AC55,AD55) -> 8.8038 | P55: =SUMIFS(Financials!L:L,Financials!A:A,"="&$A$1,Financials!C:C,"="&+A55) -> 0 | Q55: =IF(P55=0,O55,P55) -> 8.8038 | R55: =1000000*Q55/D55 -> 75.817224 | S55: =1000000*Q55/$H$4 -> 293460 | T55: =T54*(1-$H$17) -> 0.31393973 | U55: =SUMIFS(CFs!E:E,CFs!A:A,"="&$A$1,CFs!B:B,"="&+A55) -> 0 | V55: =IF(U55=0,(1-$H$17)*AVERAGE(V52:V54),U55) -> 0.44185211 | W55: =IF($U$36>0,V55,T55) -> 0.44185211 | X55: =W55*$H$6*8760 -> 116118.73 | AC55: =AC54 -> 8.1709437 | AD55: =(AE55*$H$4)/1000000 -> 8.8038 | AE55: =AE54+5000 -> 293460
A56: =A55+1 -> 21 | B56: =1/(1+$H$13)^(A56-1) -> 0.3740294 | D56: =IF(A56<=($H$16),X56,0) -> 0 | E56: =D56*B56 -> 0 | G56: =IF(A56<=($H$16),IF(ISERROR($B$12),AC56,Q56),0) -> 0 | J56: =IF(A56<=($H$16-1),SUM(F56:H56),"") | K56: =B56*G56 -> 0 | M56: =IF(A56=$H$16,$M$30,"") | N56: =IF(A56=$H$16,M56/(1+$H$13)^A56,"") | O56: =IF($O$34=1,AC56,AD56) -> 8.9538 | P56: =SUMIFS(Financials!L:L,Financials!A:A,"="&$A$1,Financials!C:C,"="&+A56) -> 0 | Q56: =IF(P56=0,O56,P56) -> 8.9538 | R56: =1000000*Q56/D56 -> #DIV/0! | S56: =1000000*Q56/$H$4 -> 298460 | T56: =T55*(1-$H$17) -> 0.307347 | U56: =SUMIFS(CFs!E:E,CFs!A:A,"="&$A$1,CFs!B:B,"="&+A56) -> 0 | V56: =IF(U56=0,(1-$H$17)*AVERAGE(V53:V55),U56) -> 0.43719605 | W56: =IF($U$36>0,V56,T56) -> 0.43719605 | X56: =W56*$H$6*8760 -> 114895.12 | AC56: =AC55 -> 8.1709437 | AD56: =(AE56*$H$4)/1000000 -> 8.9538 | AE56: =AE55+5000 -> 298460
A57: =A56+1 -> 22 | B57: =1/(1+$H$13)^(A57-1) -> 0.35608282 | D57: =IF(A57<=($H$16),X57,0) -> 0 | E57: =D57*B57 -> 0 | G57: =IF(A57<=($H$16),IF(ISERROR($B$12),AC57,Q57),0) -> 0 | J57: =IF(A57<=($H$16-1),SUM(F57:H57),"") | K57: =B57*G57 -> 0 | M57: =IF(A57=$H$16,$M$30,"") | N57: =IF(A57=$H$16,M57/(1+$H$13)^A57,"") | O57: =IF($O$34=1,AC57,AD57) -> 9.1038 | P57: =SUMIFS(Financials!L:L,Financials!A:A,"="&$A$1,Financials!C:C,"="&+A57) -> 0 | Q57: =IF(P57=0,O57,P57) -> 9.1038 | R57: =1000000*Q57/D57 -> #DIV/0! | S57: =1000000*Q57/$H$4 -> 303460 | T57: =T56*(1-$H$17) -> 0.30089271 | U57: =SUMIFS(CFs!E:E,CFs!A:A,"="&$A$1,CFs!B:B,"="&+A57) -> 0 | V57: =IF(U57=0,(1-$H$17)*AVERAGE(V54:V56),U57) -> 0.43259039 | W57: =IF($U$36>0,V57,T57) -> 0.43259039 | X57: =W57*$H$6*8760 -> 113684.75 | AC57: =AC56 -> 8.1709437 | AD57: =(AE57*$H$4)/1000000 -> 9.1038 | AE57: =AE56+5000 -> 303460
A58: =A57+1 -> 23 | B58: =1/(1+$H$13)^(A58-1) -> 0.33899736 | D58: =IF(A58<=($H$16),X58,0) -> 0 | E58: =D58*B58 -> 0 | G58: =IF(A58<=($H$16),IF(ISERROR($B$12),AC58,Q58),0) -> 0 | J58: =IF(A58<=($H$16-1),SUM(F58:H58),"") | K58: =B58*G58 -> 0 | M58: =IF(A58=$H$16,$M$30,"") | N58: =IF(A58=$H$16,M58/(1+$H$13)^A58,"") | O58: =IF($O$34=1,AC58,AD58) -> 9.2538 | P58: =SUMIFS(Financials!L:L,Financials!A:A,"="&$A$1,Financials!C:C,"="&+A58) -> 0 | Q58: =IF(P58=0,O58,P58) -> 9.2538 | R58: =1000000*Q58/D58 -> #DIV/0! | S58: =1000000*Q58/$H$4 -> 308460 | T58: =T57*(1-$H$17) -> 0.29457396 | U58: =SUMIFS(CFs!E:E,CFs!A:A,"="&$A$1,CFs!B:B,"="&+A58) -> 0 | V58: =IF(U58=0,(1-$H$17)*AVERAGE(V55:V57),U58) -> 0.42803138 | W58: =IF($U$36>0,V58,T58) -> 0.42803138 | X58: =W58*$H$6*8760 -> 112486.65 | AC58: =AC57 -> 8.1709437 | AD58: =(AE58*$H$4)/1000000 -> 9.2538 | AE58: =AE57+5000 -> 308460
A59: =A58+1 -> 24 | B59: =1/(1+$H$13)^(A59-1) -> 0.32273168 | D59: =IF(A59<=($H$16),X59,0) -> 0 | E59: =D59*B59 -> 0 | G59: =IF(A59<=($H$16),IF(ISERROR($B$12),AC59,Q59),0) -> 0 | J59: =IF(A59<=($H$16-1),SUM(F59:H59),"") | K59: =B59*G59 -> 0 | M59: =IF(A59=$H$16,$M$30,"") | N59: =IF(A59=$H$16,M59/(1+$H$13)^A59,"") | O59: =IF($O$34=1,AC59,AD59) -> 9.4038 | P59: =SUMIFS(Financials!L:L,Financials!A:A,"="&$A$1,Financials!C:C,"="&+A59) -> 0 | Q59: =IF(P59=0,O59,P59) -> 9.4038 | R59: =1000000*Q59/D59 -> #DIV/0! | S59: =1000000*Q59/$H$4 -> 313460 | T59: =T58*(1-$H$17) -> 0.28838791 | U59: =SUMIFS(CFs!E:E,CFs!A:A,"="&$A$1,CFs!B:B,"="&+A59) -> 0 | V59: =IF(U59=0,(1-$H$17)*AVERAGE(V56:V58),U59) -> 0.42352122 | W59: =IF($U$36>0,V59,T59) -> 0.42352122 | X59: =W59*$H$6*8760 -> 111301.38 | AC59: =AC58 -> 8.1709437 | AD59: =(AE59*$H$4)/1000000 -> 9.4038 | AE59: =AE58+5000 -> 313460
A60: =A59+1 -> 25 | B60: =1/(1+$H$13)^(A60-1) -> 0.30724646 | D60: =IF(A60<=($H$16),X60,0) -> 0 | E60: =D60*B60 -> 0 | G60: =IF(A60<=($H$16),IF(ISERROR($B$12),AC60,Q60),0) -> 0 | J60: =IF(A60<=($H$16-1),SUM(F60:H60),"") | K60: =B60*G60 -> 0 | M60: =IF(A60=$H$16,$M$30,"") | N60: =IF(A60=$H$16,M60/(1+$H$13)^A60,"") | O60: =IF($O$34=1,AC60,AD60) -> 9.5538 | P60: =SUMIFS(Financials!L:L,Financials!A:A,"="&$A$1,Financials!C:C,"="&+A60) -> 0 | Q60: =IF(P60=0,O60,P60) -> 9.5538 | R60: =1000000*Q60/D60 -> #DIV/0! | S60: =1000000*Q60/$H$4 -> 318460 | T60: =T59*(1-$H$17) -> 0.28233177 | U60: =SUMIFS(CFs!E:E,CFs!A:A,"="&$A$1,CFs!B:B,"="&+A60) -> 0 | V60: =IF(U60=0,(1-$H$17)*AVERAGE(V57:V59),U60) -> 0.41905866 | W60: =IF($U$36>0,V60,T60) -> 0.41905866 | X60: =W60*$H$6*8760 -> 110128.62 | AC60: =AC59 -> 8.1709437 | AD60: =(AE60*$H$4)/1000000 -> 9.5538 | AE60: =AE59+5000 -> 318460
A61: =A60+1 -> 26 | B61: =1/(1+$H$13)^(A61-1) -> 0.29250424 | D61: =IF(A61<=($H$16),X61,0) -> 0 | E61: =D61*B61 -> 0 | G61: =IF(A61<=($H$16),IF(ISERROR($B$12),AC61,Q61),0) -> 0 | J61: =IF(A61<=($H$16-1),SUM(F61:H61),"") | K61: =B61*G61 -> 0 | M61: =IF(A61=$H$16,$M$30,"") | N61: =IF(A61=$H$16,M61/(1+$H$13)^A61,"") | O61: =IF($O$34=1,AC61,AD61) -> 9.7038 | P61: =SUMIFS(Financials!L:L,Financials!A:A,"="&$A$1,Financials!C:C,"="&+A61) -> 0 | Q61: =IF(P61=0,O61,P61) -> 9.7038 | R61: =1000000*Q61/D61 -> #DIV/0! | S61: =1000000*Q61/$H$4 -> 323460 | T61: =T60*(1-$H$17) -> 0.2764028 | U61: =SUMIFS(CFs!E:E,CFs!A:A,"="&$A$1,CFs!B:B,"="&+A61) -> 0 | V61: =IF(U61=0,(1-$H$17)*AVERAGE(V58:V60),U61) -> 0.41464281 | W61: =IF($U$36>0,V61,T61) -> 0.41464281 | X61: =W61*$H$6*8760 -> 108968.13 | AC61: =AC60 -> 8.1709437 | AD61: =(AE61*$H$4)/1000000 -> 9.7038 | AE61: =AE60+5000 -> 323460
A62: =A61+1 -> 27 | B62: =1/(1+$H$13)^(A62-1) -> 0.27846939 | D62: =IF(A62<=($H$16),X62,0) -> 0 | E62: =D62*B62 -> 0 | G62: =IF(A62<=($H$16),IF(ISERROR($B$12),AC62,Q62),0) -> 0 | J62: =IF(A62<=($H$16-1),SUM(F62:H62),"") | K62: =B62*G62 -> 0 | M62: =IF(A62=$H$16,$M$30,"") | N62: =IF(A62=$H$16,M62/(1+$H$13)^A62,"") | O62: =IF($O$34=1,AC62,AD62) -> 9.8538 | P62: =SUMIFS(Financials!L:L,Financials!A:A,"="&$A$1,Financials!C:C,"="&+A62) -> 0 | Q62: =IF(P62=0,O62,P62) -> 9.8538 | R62: =1000000*Q62/D62 -> #DIV/0! | S62: =1000000*Q62/$H$4 -> 328460 | T62: =T61*(1-$H$17) -> 0.27059834 | U62: =SUMIFS(CFs!E:E,CFs!A:A,"="&$A$1,CFs!B:B,"="&+A62) -> 0 | V62: =IF(U62=0,(1-$H$17)*AVERAGE(V59:V61),U62) -> 0.41027367 | W62: =IF($U$36>0,V62,T62) -> 0.41027367 | X62: =W62*$H$6*8760 -> 107819.92 | AC62: =AC61 -> 8.1709437 | AD62: =(AE62*$H$4)/1000000 -> 9.8538 | AE62: =AE61+5000 -> 328460
A63: =A62+1 -> 28 | B63: =1/(1+$H$13)^(A63-1) -> 0.26510795 | D63: =IF(A63<=($H$16),X63,0) -> 0 | E63: =D63*B63 -> 0 | G63: =IF(A63<=($H$16),IF(ISERROR($B$12),AC63,Q63),0) -> 0 | J63: =IF(A63<=($H$16-1),SUM(F63:H63),"") | K63: =B63*G63 -> 0 | M63: =IF(A63=$H$16,$M$30,"") | N63: =IF(A63=$H$16,M63/(1+$H$13)^A63,"") | O63: =IF($O$34=1,AC63,AD63) -> 10.0038 | P63: =SUMIFS(Financials!L:L,Financials!A:A,"="&$A$1,Financials!C:C,"="&+A63) -> 0 | Q63: =IF(P63=0,O63,P63) -> 10.0038 | R63: =1000000*Q63/D63 -> #DIV/0! | S63: =1000000*Q63/$H$4 -> 333460 | T63: =T62*(1-$H$17) -> 0.26491577 | U63: =SUMIFS(CFs!E:E,CFs!A:A,"="&$A$1,CFs!B:B,"="&+A63) -> 0 | V63: =IF(U63=0,(1-$H$17)*AVERAGE(V60:V62),U63) -> 0.40595055 | W63: =IF($U$36>0,V63,T63) -> 0.40595055 | X63: =W63*$H$6*8760 -> 106683.81 | AC63: =AC62 -> 8.1709437 | AD63: =(AE63*$H$4)/1000000 -> 10.0038 | AE63: =AE62+5000 -> 333460
A64: =A63+1 -> 29 | B64: =1/(1+$H$13)^(A64-1) -> 0.25238761 | D64: =IF(A64<=($H$16),X64,0) -> 0 | E64: =D64*B64 -> 0 | G64: =IF(A64<=($H$16),IF(ISERROR($B$12),AC64,Q64),0) -> 0 | J64: =IF(A64<=($H$16-1),SUM(F64:H64),"") | K64: =B64*G64 -> 0 | M64: =IF(A64=$H$16,$M$30,"") | N64: =IF(A64=$H$16,M64/(1+$H$13)^A64,"") | O64: =IF($O$34=1,AC64,AD64) -> 10.1538 | P64: =SUMIFS(Financials!L:L,Financials!A:A,"="&$A$1,Financials!C:C,"="&+A64) -> 0 | Q64: =IF(P64=0,O64,P64) -> 10.1538 | R64: =1000000*Q64/D64 -> #DIV/0! | S64: =1000000*Q64/$H$4 -> 338460 | T64: =T63*(1-$H$17) -> 0.25935254 | U64: =SUMIFS(CFs!E:E,CFs!A:A,"="&$A$1,CFs!B:B,"="&+A64) -> 0 | V64: =IF(U64=0,(1-$H$17)*AVERAGE(V61:V63),U64) -> 0.40167294 | W64: =IF($U$36>0,V64,T64) -> 0.40167294 | X64: =W64*$H$6*8760 -> 105559.65 | AC64: =AC63 -> 8.1709437 | AD64: =(AE64*$H$4)/1000000 -> 10.1538 | AE64: =AE63+5000 -> 338460
A65: TOTALS | E65: Total Discounted Output | F65: Capex[£m] | G65: O&M [£m] | H65: Fuel Cost (£m) | I65: Total Discounted Fuel Cost (£m) | J65: Total Cost (£m) | K65: Total Discounted Cost (£m) | M65: Total Cost of Debt (£m) | N65: Discounted Cost of Debt (£m)
D66: =SUM(D36:D64) -> 2571995.5 | E66: =SUM(E36:E64) -> 1705881.2 | F66: =SUM(F26:F64) -> 267.13524 | G66: =SUM(G36:G64) -> 147.98796 | H66: =SUM(H36:H64) -> 0 | I66: =SUM(I36:I64) -> 0 | J66: =SUM(J26:J64) -> 267.13524 | K66: =SUM(K36:K64) -> 93.459385 | M66: =SUM(M36:M64) -> 0 | N66: =SUM(N36:N64) -> 0
H67: Levelised Cost Excluding Payback of Debt (£m) | K67: =+K66*10^6/E66 -> 54.786573 | M67: Levelised Cost of Debt payback
N69: =N66/E66*1000000 -> 0
A73: Incidence of Expenditure on Capital, Planning Reserve Plant, and Transmission Connection
A74: Year | B74: -10 | C74: -9 | D74: -8 | E74: -7 | F74: -6 | G74: =1+F74 -> -5 | H74: =1+G74 -> -4 | I74: =1+H74 -> -3 | J74: =1+I74 -> -2 | K74: =1+J74 -> -1
A75: Capital Plant % | B75: 0 | C75: 0 | D75: 0 | E75: 0 | F75: 0 | G75: 0 | H75: 0 | I75: 0 | J75: 60 | K75: 40
L109: Blyth Offshore Wind Farm | M109: 5.6 | N109: 5.6 | O109: 5.6
L110: North Hoyle Offshore Wind Farm - A | M110: 80.1 | N110: 80.1 | O110: 80.1
L111: Scroby Sands Wind Farm | M111: 93.5 | N111: 93.5 | O111: 93.5
L112: Kentish Flats Wind Farm | M112: 93.6 | N112: 93.6 | O112: 93.6
L113: Barrow Offshore Windfarm - A | M113: 139.8 | N113: 139.8 | O113: 106.2
L114: Beatrice Offshore Windfarm | M114: 0 | N114: 0 | O114: 0
L115: Burbo Offshore Windfarm - A (31/01/07) | M115: 132.5 | N115: 132.5 | O115: 132.5
L116: Inner Dowsing | M116: 180.3 | N116: 180.3 | O116: 180.3
L117: Lynn Offshore Wind Farm | M117: 184 | N117: 184 | O117: 184
L118: Rhyl Flats Wind farm | M118: 226.2 | N118: 226.2 | O118: 226.2
L119: Gunfleet Sands 1&2 | M119: 319.6 | N119: 319.6 | O119: 288.5
M120: 157 | N120: 157 | O120: 138.6
L121: Robin Rigg | M121: 272 | N121: 272 | O121: 239
M122: 253 | N122: 253 | O122: 220
L123: Thanet Offshore Wind Farm | M123: 1020.3 | N123: 1020.3 | O123: 862.6
L124: Walney | M124: 1226 | N124: 1226 | O124: 1011
L125: Greater Gabbard | M125: 1696.6 | N125: 1696.6 | O125: 1405
L126: Ormonde Wind Farm | M126: 517.4 | N126: 517.4 | O126: 421.4
L127: Sheringham Shoal | M127: 1231.3 | N127: 1231.3 | O127: 1055.4
L128: Gunfleet Sands Demo | M128: 51.9 | N128: 51.9 | O128: 51.9
L129: Lincs Wind Farm | M129: 1304.8 | N129: 1304.8 | O129: 978.4
L130: London Array Offshore Windfarm | M130: 2347 | N130: 2347 | O130: 1973
L131: Teesside windfarm | M131: 316.5 | N131: 316.5 | O131: 316.5
L132: West of Duddon Sands Offshore Wind Farm | M132: 1484.3 | N132: 1484.3 | O132: 1211.4
L133: Gwynt y Mor | M133: 2299.7 | N133: 2299.7 | O133: 1972
L134: Humber Gateway Offshore Wind Farm | M134: 831.5 | N134: 831.5 | O134: 674
... L147: Beatrice | M147: 2347.5 | N147: 2347.5 | O147: 1936

Sheet CFs
A1: Windfarm | B1: Year of op | C1: Y/e March | D1: Capacity | E1: CF | F1: MWh | G1: ROCs | J1: Source | K1: https://renewablesandchp.ofgem.gov.uk/Public/ReportViewer.aspx?ReportPath=/DatawarehouseReports/CertificatesExternalPublicDataWarehouse&ReportVisibility=1&ReportCategory=2
A2: Hywind Scotland Pilot Park | B2: 1 | C2: 2019 | D2: 30000 | E2: 0.514 | F2: 134993 | G2: 472498
A3: Hywind Scotland Pilot Park | B3: 2 | C3: 2020 | D3: 30000 | E3: =(F3*1000)/(8760*D3) -> 0.57054795 | F3: 149940 | G3: 149940
A4: Hywind Scotland Pilot Park | B4: 3 | C4: 2021 | D4: 30000 | E4: =(F4*1000)/(8760*D4) -> 0.51394216 | F4: 135064

Sheet Financials
A1: Windfarm | B1: Year ending | C1: Year of op | D1: Turnover | E1: COS | F1: Op costs | G1: Depn | H1: Total costs | I1: OP | J1: Total costs less depn | K1: Deflator | L1: Inflation adjusted | M1: Cost per MW | P1: Source: | Q1: https://find-and-update.company-information.service.gov.uk/company/08709450
A2: Hywind Scotland Pilot Park | B2: 2018 | C2: 1 | D2: 29 | E2: 20 | F2: 0.4 | G2: 14.4 | H2: =E2+F2 -> 20.4 | I2: =D2-H2 -> 8.6 | J2: =H2-G2 -> 6 | K2: =(0.0004*(B2-1999)^2)-(0.0317*(B2-1999))+1.4502 -> 0.9923 | L2: =J2*K2 -> 5.9538 | M2: =L2*1000000/VLOOKUP(A2,_xlnm.Database,MATCH("Capacity (MW)",Dataheads,0),FALSE) -> 198460
A3: Hywind Scotland Pilot Park | B3: 2019 | C3: 2 | D3: 33.6 | E3: 19.2 | F3: 0.5 | G3: 14.1 | H3: =E3+F3 -> 19.7 | I3: =D3-H3 -> 13.9 | J3: =H3-G3 -> 5.6 | K3: =(0.0004*(B3-1999)^2)-(0.0317*(B3-1999))+1.4502 -> 0.9762 | L3: =J3*K3 -> 5.46672 | M3: =L3*1000000/VLOOKUP(A3,_xlnm.Database,MATCH("Capacity (MW)",Dataheads,0),FALSE) -> 182224
A4: Hywind Scotland Pilot Park | B4: 2020 | C4: 3 | D4: 27.6 | E4: 20 | F4: 0.8 | G4: 13.2 | H4: =E4+F4 -> 20.8 | I4: =D4-H4 -> 6.8 | J4: =H4-G4 -> 7.6 | K4: =(0.0004*(B4-1999)^2)-(0.0317*(B4-1999))+1.4502 -> 0.9609 | L4: =J4*K4 -> 7.30284 | M4: =L4*1000000/VLOOKUP(A4,_xlnm.Database,MATCH("Capacity (MW)",Dataheads,0),FALSE) -> 243428
